 Dungeon Crawl Stone Soup version 0.22.0-38-g04b72b8 (webtiles) character file.

285 poirepourri the Chopper (level 6, -5/55 HPs)
             Began as a Deep Dwarf Fighter on Aug 29, 2018.
             Slain by a spatial maelstrom (6 damage)
             ... on level 1 of the Abyss.
             The game lasted 00:03:01 (2524 turns).

poirepourri the Chopper (Deep Dwarf Fighter)        Turns: 2524, Time: 00:03:01

Health: -5/55      AC:  6    Str: 22    XL:     6   Next: 7%
Magic:  6/6        EV:  7    Int:  8    God:
Gold:   238        SH: 10    Dex: 14    Spells: 5/5 levels left

rFire    . . .     SeeInvis .   v - +9 broad axe of Greatest Utility {chop, Str+2 Stlth+}
rCold    . . .     Gourm    .   c - +1 shield
rNeg     . . .     Faith    .   b - +0 scale mail
rPois    +         Spirit   .   (no helmet)
rElec    .         Reflect  .   (no cloak)
rCorr    .         Harm     .   (no gloves)
MR       .....                  (no boots)
Stlth    ++........             i - amulet of magic regeneration
HPRegen  0.00/turn              e - ring of stealth
MPRegen  0.35/turn              q - ring of poison resistance

@: about to teleport, non-regenerating
A: damage resistance, heal wounds, sense surroundings 1, no regeneration
a: Heal Wounds


You were on level 1 of the Abyss.
You were not hungry.

You visited 1 branch of the dungeon, and saw 4 of its levels.
You visited the Abyss 1 time.

You collected 238 gold pieces.

Inventory:

Hand Weapons
 a - a +1 war axe
 r - a +2 hand axe of distortion
 v - the +9 broad axe of Greatest Utility (weapon) {chop, Str+2 Stlth+}
   (You found it on level 4 of the Dungeon)

   It inflicts extra damage upon your enemies.
   It affects your strength (+2).
   It makes you more stealthy.
Missiles
 o - 18 bolts
Armour
 b - a +0 scale mail (worn)
 c - a +1 shield (worn)
Jewellery
 e - a ring of stealth (left hand)
 i - an amulet of magic regeneration (around neck)
 n - an uncursed ring of flight
 q - a ring of poison resistance (right hand)
 s - an uncursed amulet of the acrobat {unknown}
Scrolls
 h - 3 scrolls of teleportation
 j - 6 scrolls of remove curse
Potions
 d - 2 potions of flight
 g - 3 potions of lignification
 k - 2 potions of curing {unknown}
 l - a potion of degeneration {unknown}
 m - a potion of magic
 p - a potion of brilliance {unknown}
 u - a potion of haste {unknown}
Comestibles
 f - 8 rations


   Skills:
 - Level 2.6 Fighting
 + Level 7.1 Axes
 - Level 3.2 Armour
 - Level 3.2 Shields


You had 5 spell levels left.
You didn't know any spells.
Your spell library was empty.

Dungeon Overview and Level Annotations

Branches:
Dungeon (4/15)
 Temple: D:4-7

Altars:
Okawaru


Innate Abilities, Weirdness & Mutations

You are resistant to damage.
You can heal yourself by infusing magical energy.
You passively map a small area around you.
You do not regenerate.


Message History

You feel much better. The spatial maelstrom hits you!
Space warps horribly around you!
The spatial maelstrom hits you but does no damage.
You block the spatial vortex's attack.
You fail to use your ability.
The spatial maelstrom hits you! Space bends around you.
The spatial maelstrom hits you.
* * * LOW HITPOINT WARNING * * *
You blink.
A spatial vortex comes into view. x2
A spatial vortex comes into view.
The spatial vortex moves out of view.
As you read the scroll of teleportation, it crumbles to dust.
You feel strangely unstable.
You feel the power of the Abyss delaying your translocation!
You fail to use your ability.
You block the spatial maelstrom's attack.
The spatial maelstrom hits you!
* * * LOW HITPOINT WARNING * * *
Space warps horribly around you!
You die...

.. .. #.. ...#
##.# ##.#.
#...###... .#.
...#...# ...
.....# #..
#...# #.. #@.#
##.# ##v#.#
##...###..#.#
.#..... ...#.#
.......v. v#.#
.#x...x....#.#
#...#....#.#
##.##v##.#.#
#...###v...#


You could see a spatial maelstrom and a spatial vortex.

Vanquished Creatures
  A scorpion (D:2)
  An orc wizard (D:3)
  7 adders
  4 gnolls (D:3)
  2 oozes
  3 worms
  2 dart slugs
  3 leopard geckos
  9 orcs (D:3)
  4 bats
  3 giant cockroaches
  4 goblins
  8 hobgoblins
  6 jackals
  4 kobolds
  4 quokkas
  A ball python (D:3)
  5 frilled lizards
  12 rats
83 creatures vanquished.

Notes
Turn   | Place    | Note
-------+----------+-------------------------------------------
     0 | D:1      | poirepourri the Deep Dwarf Fighter began the quest for the Orb.
     0 | D:1      | Reached XP level 1. HP: 20/20 MP: 1/1
   107 | D:1      | Reached skill level 3 in Axes
   107 | D:1      | Reached XP level 2. HP: 24/27 MP: 2/2
   431 | D:2      | Reached XP level 3. HP: 21/33 MP: 3/3
   481 | D:2      | Reached skill level 4 in Axes
   742 | D:2      | Reached XP level 4. HP: 24/40 MP: 4/4
   901 | D:2      | Reached skill level 5 in Axes
  1139 | D:3      | Reached XP level 5. HP: 26/46 MP: 5/5
  1203 | D:3      | Reached skill level 6 in Axes
  1420 | D:3      | Found an iron altar of Okawaru.
  1619 | D:3      | Reached skill level 7 in Axes
  1662 | D:3      | Reached XP level 6. HP: 29/55 MP: 6/6
  2464 | D:4      | Got a steaming broad axe
  2465 | D:4      | Identified the +9 broad axe of Greatest Utility {chop, Str+2 Stlth+} (You found it on level 4 of the Dungeon)
  2465 | D:4      | Cast into level 1 of the Abyss (a distortion unwield)
  2504 | Abyss:1  | Noticed a spatial maelstrom
  2512 | Abyss:1  | Noticed a spatial vortex
  2516 | Abyss:1  | Noticed a spatial vortex
  2516 | Abyss:1  | Noticed a spatial vortex
  2516 | Abyss:1  | Noticed a worldbinder
  2519 | Abyss:1  | Noticed a spatial vortex
  2520 | Abyss:1  | Noticed a spatial vortex
  2522 | Abyss:1  | Noticed a spatial vortex
  2524 | Abyss:1  | HP: 1/55 [spatial maelstrom (12)]
  2524 | Abyss:1  | Slain by a spatial maelstrom

Skill      XL: |  1  2  3  4  5 |
---------------+----------------+-----
Axes           | 3 4 5 7 |  7.1
Fighting       | |  2.6
Armour         | |  3.2
Shields        | |  3.2

Action                   |  1- 3 |  4- 6 || total
-------------------------+-------+-------++-------
Melee: War axe           |   108 |    88 ||   196
       Hand axe          |       |    23 ||    23
       Broad axe         |       |     3 ||     3
 Abil: Heal Wounds       |       |     5 ||     5
  Use: Scroll            |     9 |     3 ||    12
       Potion            |       |     1 ||     1
  Eat: Ration            |       |     2 ||     2
Armor: Scale mail        |    61 |    38 ||    99
Dodge: Dodged            |    29 |    24 ||    53
Block: Shield            |    62 |    68 ||   130
